 Dungeon Crawl Stone Soup version 0.29.1-1-gd02db6906a (webtiles) character file.

Game seed: 11019824813208837863

3371 funnyparkerb the Fighter (level 10, -1/82 HPs)
             Began as a Djinni Fire Elementalist on Sept 28, 2022.
             Was a Believer of Ashenzari.
             Slain by a death yak (24 damage)
             ... on level 8 of the Dungeon.
             The game lasted 00:16:58 (8737 turns).

funnyparkerb the Fighter (Djinni Fire Elementalist) Turns: 8737, Time: 00:16:59

Health: -1/82      AC:  5    Str:  7    XL:     10   Next: 23%
Gold:   324        EV: 12    Int: 20    God:    Ashenzari [**....] SH:  3 Dex: 15

rFire   + . .      SeeInvis +   A - +1 mace (protect)
rCold   + . .      Faith    .   K - +0 buckler of Intercession {rC+}
rNeg    . . .      Spirit   .   a - +0 robe of Ashenzari's Moon {Cun, Evo} (curse)
rPois   ∞          Reflect  .   (no helmet)
rElec   .          Harm     .   (no cloak)
rCorr   +          Rampage  .   j - +2 pair of gloves
Will    +....                   (boots unavailable)
Stlth   ++........              (no amulet)
HPRegen 0.23/turn               l - ring of the Lashed Anxiety {rCorr, Evo, Self} (curse)
MPRegen 0.00/turn               F - ring of the Cursed Sky {Ice, Evo, Melee} (curse)

@: flying
A: sickness immunity, fire resistance 2, cold vulnerability 1, float, innate
caster, HP casting, extra vitality 1
a: Renounce Religion, Shatter the Chains


You were on level 8 of the Dungeon.
You worshipped Ashenzari.
Ashenzari was pleased with you.
You visited 2 branches of the dungeon, and saw 9 of its levels.
You also visited: Sewer.

You collected 324 gold pieces.

Inventory:

Hand Weapons
 m - a +1 dagger of draining
 A - a +1 mace of protection (weapon)
Missiles
 i - 2 throwing nets
 v - 4 curare-tipped darts
Armour
 a - the cursed +0 robe of Ashenzari's Moon (worn) {Cun, Evo}

   It has a curse which improves the following skills: Cunning: Dodging and
   Stealth.
   Evocations: Evocations.
 j - a +2 pair of gloves (worn)
 o - a +0 plate armour
 K - the +0 buckler of Intercession (worn) {rC+}
   (You found it on level 6 of the Dungeon)

   rC:        It protects you from cold.
Jewellery
 l - the cursed ring of the Lashed Anxiety (left hand) {rCorr, Evo, Self}
   (You found it on level 2 of the Dungeon)

   [ring of resist corrosion]

   rCorr:     It protects you from acid and corrosion.
   It has a curse which improves the following skills: Evocations: Evocations.
   Introspection: Fighting and Spellcasting.
 F - the cursed ring of the Cursed Sky (right hand) {Ice, Evo, Melee}
   (You found it on level 4 of the Dungeon)

   [ring of ice]

   It enhances your ice magic.
   rF:        It makes you vulnerable to fire.
   rC:        It protects you from cold.
   It has a curse which improves the following skills: Evocations: Evocations.
   Melee Combat: Short Blades, Long Blades, Axes, Maces & Flails, Polearms,
   Staves and Unarmed Combat.
 I - a ring of ice
Wands
 d - a wand of polymorph (4)
 t - a wand of flame (18)
 z - a wand of mindburst (14)
 J - a wand of digging (8)
Scrolls
 c - 3 scrolls of vulnerability
 f - 2 scrolls of magic mapping
 k - 2 scrolls of poison
 s - 4 scrolls of teleportation
 u - a scroll of silence
 x - 2 scrolls of noise
 y - a scroll of brand weapon
 E - 2 scrolls of enchant weapon
 L - a scroll of fog
 M - a scroll of enchant armour
Potions
 b - 3 potions of curing
 e - 2 potions of heal wounds
 g - 3 potions of brilliance
 h - 2 potions of invisibility
 n - a potion of berserk rage
 p - 3 potions of mutation
 r - 4 potions of lignification
 w - a potion of resistance
 B - a potion of haste
 C - a potion of experience
 D - 3 potions of might
 G - 2 potions of ambrosia
 H - 2 potions of attraction


   Skills:
 + Level 9.8(11.0) Fighting
 - Level 2.1(3.1) Dodging
 - Level 1.5(2.4) Stealth
 + Level 8.0(9.3) Spellcasting


You had 5 spell levels left.
You knew the following spells:

 Your Spells              Type           Power      Damage    Failure   Level
a - Foxfire               Conj/Fire      100%       2x1d9     1%          1
b - Scorch                Fire           92%        2d9       1%          2
c - Conjure Flame         Conj/Fire      46%        6-21      1%          3
d - Inner Flame           Hex/Fire       46%        N/A       1%          3
e - Flame Wave            Conj/Fire      46%        2d12      2%          4
f - Slow                  Hex            100%       N/A       1%          1
g - Poisonous Vapours     Pois/Air       92%        N/A       1%          2
h - Dazzling Flash        Conj/Hex       92%        N/A       1%          3
i - Ignite Poison         Fire/Tmut/Pois 46%        N/A       1%          3
Your spell library was empty.

Dungeon Overview and Level Annotations

Branches:
Dungeon (8/15)             Temple (1/1) D:4            Lair (0/5) D:8
  Sewer (visited)

Altars:
Ashenzari
Cheibriados
Elyvilon
Fedhas
Gozag
Hepliaklqana
Nemelex Xobeh
Okawaru
Ru
Trog
Xom

Shops:
D:4 :


Innate Abilities, Weirdness & Mutations

You are immune to sickness and miasma.
You are immune to poison.
Your flesh is very heat resistant. (rF++)
You are vulnerable to cold. (rC-)
You float through the air rather than walking.
You learn spells naturally, not from books.
Your magical power is your life essence.
You have superior vitality. (+4 MHP)


Message History

Press: ? - help, Shift-Dir - straight line, f - death yak, p - death yak
Aim: a death yak (severely wounded, very poisoned, slow, chance to affect: 7%)
Okay, then.
Aiming: Throw Flame
Press: ? - help, Shift-Dir - straight line, f/p - death yak
Aim: a death yak (lightly wounded, 89% to hit)
The puff of flame hits the death yak.
The death yak is severely wounded.
Aiming: Throw Flame
Press: ? - help, Shift-Dir - straight line, f/p - death yak
Aim: a death yak (89% to hit)
The puff of flame hits the death yak but does no damage.
The death yak is severely wounded.
The death yak gores you!
Casting: Conjure Flame (safe; 1% risk of failure)
Confirm with . or Enter, or press ? or * to list all spells.
Okay, then.
Unknown command.
Throw: 5 darts (curare)
Press: ? - help, Shift-Dir - straight line, f/p - death yak
Aim: a death yak (81% to hit)
You throw a curare-tipped dart.
The curare-tipped dart hits the death yak.
The death yak looks as sick as possible!
The death yak convulses.
The death yak seems to be slow for longer.
The death yak is almost dead.
The death yak gores you!!
Casting: Conjure Flame (safe; 1% risk of failure)
Confirm with . or Enter, or press ? or * to list all spells.
Okay, then.
Casting: Conjure Flame (safe; 1% risk of failure)
Confirm with . or Enter, or press ? or * to list all spells.
You ignite the poison in your surroundings!
The death yak seems to burn from within!!!
You kill the death yak!
* * * LOW HITPOINT WARNING * * *
Your base Spellcasting skill increases to level 8!
The death yak attacks as you move away! The death yak gores you!!
You die...

, * * .#.r# .>. , *
..r.#r.. , , * *
......# * * *
,....., ,, , *,
.rY,, * * * #.#**
,* #####.##### #.#
* * #...r.....#
##.## * , #@# *,*
#.###...## #Y# #
##.##.....# #Y#
#.##...(.....# #(#
#........#.#.#
#.######.>##.#.#..
#...YY....##.(....
########.#####.#.#
#########.#####.#.#
#.......#.........#


You could see 2 death yaks and a hell rat.

Vanquished Creatures
  A death yak (D:8)
  Eustachio (D:6)
  Edmund (D:4)
  4 orc warriors
  3 black bears
  An ice beast (D:7)
  A centaur (D:7)
  2 phantoms
  Blork the orc (D:4)
  2 kobold brigands (Sewer)
  3 bullfrogs
  2 necrophages
  3 wights (D:7)
  3 howler monkeys
  2 jellies (D:5)
  4 hounds
  2 orc priests (D:6)
  4 iguanas
  8 orc wizards
  4 gnolls (D:2)
  8 adders
  A river rat (Sewer)
  A shadow imp (D:6)
  An ufetubus (D:7)
  4 worms
  4 dart slugs
  20 orcs
  13 ball pythons
  9 endoplasms
  6 giant cockroaches
  6 goblins
  8 hobgoblins
  4 jackals (D:4)
  8 quokkas
  6 bats
  3 frilled lizards
  11 kobolds
  9 rats
174 creatures vanquished.

Vanquished Creatures (collateral kills)
  A foxfire (D:1)
1 creature vanquished.

Vanquished Creatures (others)
  487 foxfires
487 creatures vanquished.

Grand Total: 662 creatures vanquished

Notes
Turn   | Place    | Note
-------+----------+-------------------------------------------
     0 | D:1      | funnyparkerb the Djinni Fire Elementalist began the quest
                  | for the Orb.
     0 | D:1      | funnyparkerb set off with the following spells memorised:
                  | Foxfire, Scorch, Conjure Flame, Inner Flame, Flame Wave.
     0 | D:1      | Reached XP level 1. HP: 15/15 MP: 0/0
   383 | D:1      | Reached XP level 2. HP: 21/22 MP: 0/0
   387 | D:1      | Reached skill level 1 in Fighting
   770 | D:1      | Reached XP level 3. HP: 24/27 MP: 0/0
   770 | D:1      | Learned a level 1 spell: Slow
   968 | D:1      | Found a faded altar of an unknown god.
  1385 | D:2      | Reached skill level 2 in Fighting
  1388 | D:2      | Reached XP level 4. HP: 25/33 MP: 0/0
  2069 | D:2      | Reached XP level 5. HP: 36/40 MP: 0/0
  2069 | D:2      | Learned a level 2 spell: Poisonous Vapours
  2160 | D:2      | Reached skill level 3 in Fighting
  2767 | D:3      | Found a glowing drain.
  2930 | Sewer    | Entered a sewer
  2950 | Sewer    | Noticed a kobold brigand
  2955 | Sewer    | Killed a kobold brigand
  2956 | Sewer    | Reached XP level 6. HP: 25/47 MP: 0/0
  3179 | Sewer    | Reached skill level 4 in Fighting
  4423 | D:4      | Reached XP level 7. HP: 44/53 MP: 0/0
  4423 | D:4      | Learned a level 3 spell: Dazzling Flash
  4670 | D:4      | Found Osotzuin's Book Boutique.
  4708 | D:4      | Noticed Blork the orc
  4717 | D:4      | Killed Blork the orc
  4718 | D:4      | Reached skill level 5 in Fighting
  4963 | D:4      | Found a staircase to the Ecumenical Temple.
  4977 | Temple   | Entered the Ecumenical Temple
  5017 | Temple   | Became a worshipper of Ashenzari the Shackled
  5324 | D:5      | Entered Level 5 of the Dungeon
  5324 | D:5      | Noticed Edmund
  5337 | D:4      | Reached skill level 5 in Spellcasting
  5498 | D:4      | Killed Edmund
  5499 | D:4      | Reached XP level 8. HP: 33/61 MP: 0/0
  5759 | D:5      | Reached skill level 6 in Fighting
  6454 | D:6      | Reached skill level 7 in Fighting
  6549 | D:6      | Reached XP level 9. HP: 60/68 MP: 0/0
  6549 | D:6      | Learned a level 3 spell: Ignite Poison
  6619 | D:6      | Identified the +0 buckler of Intercession {rC+}
  6683 | D:6      | Reached * piety under Ashenzari
  6870 | D:6      | Noticed Eustachio
  6876 | D:6      | Killed Eustachio
  6889 | D:6      | Reached skill level 8 in Fighting
  7352 | D:6      | Found an iron altar of Okawaru.
  7949 | D:7      | Reached ** piety under Ashenzari
  8011 | D:7      | Reached skill level 9 in Fighting
  8343 | D:8      | Reached XP level 10. HP: 38/81 MP: 0/0
  8705 | D:8      | Noticed a death yak
  8707 | D:8      | Found a staircase to the Lair.
  8708 | D:8      | Noticed a death yak
  8708 | D:8      | Noticed a death yak
  8736 | D:8      | Killed a death yak
  8737 | D:8      | Slain by a death yak

Illustrated notes

Levels and vault maps discovered:
D:1:      giann_bridges, layout_basic, ebering_ecumenical_altar_mist
D:2:      layout_rooms
D:3:      layout_basic, gup_sewer_entry_bubbles, minmay_randomly_rotated_circles
D:4:      layout_basic, temple_fountains, serial_shops, nicolae_square_shop,
          uniq_blork_the_orc
D:5:      layout_cave_pools, nicolae_elevator_lobby_plus, uniq_edmund
D:6:      layout_loops_ring, okawaru_trees_1, uniq_eustachio
D:7:      layout_rooms, nrook_mini_backslash
D:8:      minmay_evil_eye, layout_loops_corners, mainiacjoe_overflow_two_lobes,
          dpeg_lair_monsters, wad_dig_loot
Temple:   eino_wide_crystal_templ

Skill      XL: |  1  2  3  4  5  6  7  8  9 10 |
---------------+-------------------------------+-----
Fighting       | 1 2 3 4 5 7 9 |  9.8
Spellcasting   | 3 4 5 6 7 8 |  8.0
Dodging        | |  2.1
Stealth        | |  1.5

Action                   |  1- 3 |  4- 6 |  7- 9 | 10-12 || total
-------------------------+-------+-------+-------+-------++-------
Melee: Spear             |    15 |       |       |       ||    15
       Mace              |       |       |     1 |       ||     1
Throw: Dart              |       |       |     5 |     3 ||     8
 Cast: Foxfire           |    30 |   103 |   154 |       ||   287
       Scorch            |    15 |    58 |    92 |     3 ||   168
       Conjure Flame     |       |     1 |     6 |     2 ||     9
       Poisonous Vapours |       |     1 |       |       ||     1
       Dazzling Flash    |       |       |     4 |       ||     4
       Slow              |       |       |     1 |       ||     1
       Ignite Poison     |       |       |       |     1 ||     1
Invok: Curse Item        |       |       |     3 |       ||     3
Evoke: Wand              |       |       |     3 |     2 ||     5
  Use: Potion            |       |       |     4 |       ||     4
 Stab: Sleeping          |     1 |       |       |       ||     1
Armor: Robe              |     2 |     4 |     6 |       ||    12
Dodge: Dodged            |    11 |    11 |    28 |     1 ||    51
Block: Buckler           |       |       |       |     1 ||     1
